 Dungeon Crawl Stone Soup version 0.29-a0-553-g81b289dbe5 (webtiles) character file.

Game seed: 409171653844748245

7427 Nietzsche the Basher (level 10, -5/77 HPs)
             Began as a Demonspawn Gladiator on June 7, 2022.
             Was a Priest of Kikubaaqudgha.
             Slain by a two-headed ogre
             ... wielding a +0 giant spiked club
              (31 damage)
             ... on level 10 of the Dungeon.
             The game lasted 00:25:00 (9073 turns).

Nietzsche the Basher (Demonspawn Gladiator)         Turns: 9073, Time: 00:25:00

Health: -5/77      AC: 19    Str: 21    XL:     10   Next: 93%
Magic:  10/10      EV: 17    Int: 11    God:    Kikubaaqudgha [***...]
Gold:   638        SH:  0    Dex: 19    Spells: 9/9 levels left

rFire   . . .      SeeInvis .   V - +0 glaive (venom)
rCold   . . .      Faith    .   (shield currently unavailable)
rNeg    . . .      Spirit   .   L - +0 scale mail of Urixtiph {Str+4 Dex+4}
rPois   .          Reflect  .   c - +0 helmet
rElec   .          Harm     .   E - scarf {repulsion}
rCorr   .          Rampage  .   (no gloves)
Will    .....                   S - +2 pair of boots {Fly}
Stlth   +.........              C - amulet of regeneration
HPRegen 1.02/turn               q - +4 ring of protection
MPRegen 0.12/turn               M - +4 ring of evasion

@: attractive, flying, repel missiles
A: hooves 1, molten scales 2, demonic guardian 1
a: Renounce Religion, Unearth Wretches


You were on level 10 of the Dungeon.
You worshipped Kikubaaqudgha.
Kikubaaqudgha was most pleased with you.
You visited 2 branches of the dungeon, and saw 11 of its levels.

You collected 638 gold pieces.

Inventory:

Hand Weapons
 a - a +0 spectral flail
 y - a +8 club
 V - a +0 glaive of venom (weapon)
 X - a +0 morningstar
Missiles
 d - 3 throwing nets (quivered)
 e - a javelin
 K - 4 silver javelins
Armour
 b - a +0 leather armour
 c - a +0 helmet (worn)
 z - a +0 cloak
 E - a scarf of repulsion (worn)
 L - the +0 scale mail of Urixtiph (worn) {Str+4 Dex+4}
   (You found it on level 5 of the Dungeon)

   Str:       It affects your strength (+4).
   Dex:       It affects your dexterity (+4).
 S - a +2 pair of boots of flying (worn)
Magical Staves
 n - a staff of fire
 J - a staff of conjuration
Jewellery
 g - a ring of ice
 l - a ring of resist corrosion
 q - a +4 ring of protection (left hand)
 C - an amulet of regeneration (around neck)
 M - a +4 ring of evasion (right hand)
Wands
 j - a wand of acid (17)
 o - a wand of iceblast (6)
 r - a wand of mindburst (29)
 w - a wand of digging (4)
 Y - a wand of paralysis (3)
Scrolls
 h - a scroll of brand weapon
 k - a scroll of magic mapping {unknown}
 m - 7 scrolls of poison
 p - 2 scrolls of noise {unknown}
 D - a scroll of fear {unknown}
 F - a scroll of summoning {unknown}
 G - 6 scrolls of teleportation
 H - 4 scrolls of vulnerability
 I - a scroll of immolation {unknown}
 O - a scroll of acquirement {unknown}
 P - a scroll of enchant weapon {unknown}
 R - a scroll of silence {unknown}
 T - 3 scrolls of identify
 U - a scroll of amnesia {unknown}
 W - a scroll of enchant armour {unknown}
Potions
 f - a potion of berserk rage
 i - 5 potions of haste
 s - 6 potions of curing
 t - 7 potions of brilliance
 u - 2 potions of might
 v - 3 potions of flight
 A - a potion of lignification {unknown}
 N - a potion of mutation {unknown}
 Q - a potion of cancellation {unknown}


   Skills:
 + Level 6.9 Fighting
 + Level 9.7 Maces & Flails
 + Level 5.0 Polearms
 + Level 1.8 Throwing
 + Level 6.4 Armour
 + Level 6.4 Dodging
 + Level 3.6 Stealth


You had 9 spell levels left.
You didn't know any spells.
Your spell library contained the following spells:

 Spells                   Type           Power      Damage    Failure   Level
 Necrotize                Necr           0%         1d4       65%         1
 Shock                    Conj/Air       0%         1d3       65%         1
 Slow                     Hex            0%         N/A       65%         1
 Sublimation of Blood     Necr           0%         N/A       78%         2
 Confusing Touch          Hex            0%         N/A       95%         3
 Vampiric Draining        Necr           0%         2d6       95%         3
 Anguish                  Hex/Necr       0%         N/A       100%        4
 Animate Dead             Necr           0%         N/A       100%        4
 Corpse Rot               Necr/Pois/Air  0%         N/A       100%        4
 Hailstorm                Conj/Ice       0%         3d3       100%        4
 Ice Form                 Ice/Tmut       0%         N/A       100%        4
 Agony                    Necr           0%         N/A       100%        5
 Borgnjor's Vile Clutch   Necr/Erth      0%         N/A       100%        5
 Death Channel            Necr           0%         N/A       100%        6
 Simulacrum               Ice/Necr       0%         N/A       100%        6
 Enfeeble                 Hex            0%         N/A       100%        7


Dungeon Overview and Level Annotations

Branches:
Dungeon (10/15)            Temple (1/1) D:7            Lair (0/6) D:10
    Orc: D:9-12

Altars:
Ashenzari
Cheibriados
Dithmenos
Elyvilon
Fedhas
Gozag
Hepliaklqana
Kikubaaqudgha
Makhleb
Nemelex Xobeh
Okawaru
Qazlal
Ru
Sif Muna
Trog
Uskayaw
Vehumet
Wu Jian
Xom
Yredelemnul
Zin
The Shining One
Beogh

Shops:
D:1 !   D:8 (

Portals:
Ossuary: D:4


Innate Abilities, Weirdness & Mutations

You have large cloven feet.
You are mostly covered in molten scales. (AC +3)
A weak demonic guardian rushes to your aid.


Message History

You miss something. Something hits you but does no damage.
Something bites you but does no damage. Something hits you but does no damage.
Something bites you.
Something draws strength from your injuries!
You bump into the rock wall.
Something hits you but does no damage. Something bites you but does no damage.
Something completely misses you. Something bites you.
Something draws strength from your injuries!
You completely miss something. Something closely misses you.
Something completely misses you.
You're too confused to move!
Something hits you. Something bites you but does no damage.
Something completely misses you. Something bites you.
Something draws strength from your injuries!
You feel less confused.
You barely miss something. Something hits you but does no damage.
Something closely misses you. Something hits you but does no damage.
Something barely misses you.
The two-headed ogre hits you with a +0 giant spiked club.
The two-headed ogre barely misses you.
You closely miss something. Something completely misses you.
Something bites you but does no damage.
The two-headed ogre hits you with a +0 giant spiked club!
The two-headed ogre closely misses you.
You barely miss the two-headed ogre.
The two-headed ogre is moderately wounded.
Something hits you. Something bites you but does no damage.
Something hits you but does no damage. Something bites you!
Something draws strength from your injuries!
The two-headed ogre hits you with a +0 giant spiked club!
The two-headed ogre closely misses you.
You are too injured to fight recklessly!
You are too injured to fight recklessly!
You are too injured to fight recklessly!
You slice the two-headed ogre!!
The two-headed ogre is severely wounded.
Something hits you but does no damage. Something bites you but does no damage.
The two-headed ogre hits you with a +0 giant spiked club!!
You die...
Kikubaaqudgha rasps: "You have failed me!
Welcome... death!"

..#.<.##..##..# ###
..#...##..##..##..##
..#.......').......#
..#.......#).......+
..###.###.##..##..##
..###.###.##..##..###
...#....#...........#
...#....#...........#
...'....#.......@...+
...###..#...####.O### #
...#############'####...#
......# #.........$.#
......# #...........#
......# #..........?#
......# #............
..##.## ##.##.#..#+##
###### ## ######


You could see a two-headed ogre.

Vanquished Creatures
  A two-headed ogre (D:9)
  Maggie (D:8)
  A wraith (D:7)
  A wyvern (D:10)
  6 yaks
  3 basilisks
  2 steam dragons
  A water moccasin (D:7)
  3 orc warriors
  3 ice beasts
  A sky beast (D:7)
  An ogre (D:7)
  4 centaurs
  2 phantoms (D:4)
  5 bullfrogs
  3 necrophages
  A gnoll sergeant (D:4)
  A scorpion (D:4)
  11 wights
  11 killer bees
  2 howler monkeys (D:7)
  2 jellies (D:5)
  5 orc priests
  2 gnoll shamans (D:7)
  6 hounds
  2 iguanas
  Ijyb (D:3)
  Jessica (D:3)
  11 orc wizards
  A mummy (D:4)
  6 gnolls
  10 adders
  2 shadow imps
  A white imp (D:6)
  2 ufetubi (D:4)
  2 worms
  4 dart slugs
  43 orcs
  8 bats
  10 endoplasms
  3 giant cockroaches
  6 goblins
  8 hobgoblins
  2 jackals (D:5)
  5 quokkas
  8 ball pythons
  2 frilled lizards
  8 kobolds
  9 rats
234 creatures vanquished.

Vanquished Creatures (collateral kills)
  Pikel (D:5)
  A bullfrog (D:7)
  A gnoll (D:5)
  A dart slug (D:4)
  An orc (D:5)
  A kobold (D:4)
6 creatures vanquished.

Vanquished Creatures (others)
  2 orcs (D:9)
2 creatures vanquished.

Grand Total: 242 creatures vanquished

Notes
Turn   | Place    | Note
-------+----------+-------------------------------------------
     0 | D:1      | Nietzsche the Demonspawn Gladiator began the quest for the
                  | Orb.
     0 | D:1      | Reached XP level 1. HP: 16/16 MP: 1/1
   362 | D:1      | Gained mutation: A weak demonic guardian rushes to your
                  | aid. [demonic ancestry]
   362 | D:1      | Reached XP level 2. HP: 22/22 MP: 2/2
   368 | D:1      | Reached skill level 3 in Maces & Flails
   549 | D:1      | Found a faded altar of an unknown god.
   557 | D:1      | Got Plato's Tome of Lightness
  1111 | D:1      | Found Qikhlez's Distillery.
  1373 | D:2      | Reached XP level 3. HP: 26/27 MP: 3/3
  1889 | D:2      | Gained mutation: You have large cloven feet. [demonic
                  | ancestry]
  1889 | D:2      | Reached XP level 4. HP: 25/34 MP: 4/4
  2334 | D:2      | Reached skill level 1 in Armour
  2538 | D:3      | Noticed Ijyb
  2555 | D:3      | Killed Ijyb
  2708 | D:3      | Reached skill level 4 in Maces & Flails
  2741 | D:3      | Noticed Jessica
  2749 | D:3      | Killed Jessica
  2750 | D:3      | Reached XP level 5. HP: 27/40 MP: 5/5
  4055 | D:4      | Reached XP level 6. HP: 31/47 MP: 6/6
  4115 | D:4      | Found a sand-covered staircase.
  4145 | D:4      | Noticed an ice beast
  4149 | D:4      | Reached skill level 5 in Maces & Flails
  4153 | D:4      | Killed an ice beast
  4154 | D:4      | Reached skill level 1 in Stealth
  4186 | D:4      | Reached XP level 7. HP: 52/53 MP: 7/7
  4210 | D:4      | Found an ornate altar of the Wu Jian Council.
  4211 | D:4      | Found a shadowy altar of Dithmenos.
  4212 | D:4      | Found an iron altar of Okawaru.
  4213 | D:4      | Found an opulent altar of Gozag.
  4367 | D:5      | Entered Level 5 of the Dungeon
  4504 | D:5      | Noticed Pikel
  4525 | D:5      | Killed Pikel
  4526 | D:5      | Reached skill level 6 in Maces & Flails
  4526 | D:5      | Gained mutation: You are partially covered in molten
                  | scales. (AC +2) [demonic ancestry]
  4526 | D:5      | Reached XP level 8. HP: 22/61 MP: 8/8
  4910 | D:5      | Identified the +0 scale mail of Urixtiph {Str+4 Dex+4}
  5213 | D:5      | Reached skill level 7 in Maces & Flails
  6157 | D:7      | Found a staircase to the Ecumenical Temple.
  6163 | Temple   | Entered the Ecumenical Temple
  6399 | Temple   | Became a worshipper of Kikubaaqudgha
  6465 | D:7      | Reached skill level 5 in Fighting
  6468 | D:7      | Reached XP level 9. HP: 65/68 MP: 9/9
  6557 | D:7      | Reached skill level 8 in Maces & Flails
  6651 | D:7      | Found a large runed translucent door.
  6652 | D:7      | Found a large runed translucent door.
  6676 | D:7      | Reached skill level 5 in Dodging
  6906 | D:7      | Reached * piety under Kikubaaqudgha
  6906 | D:7      | Received a gift from Kikubaaqudgha
  7190 | D:7      | Found a bloodstained altar of Trog.
  7193 | D:7      | Reached skill level 9 in Maces & Flails
  7193 | D:7      | Reached skill level 5 in Armour
  7198 | D:7      | Found a blossoming altar of Fedhas.
  7237 | D:8      | Noticed Maggie
  7251 | D:8      | Killed Maggie
  7294 | D:8      | Gained mutation: You are mostly covered in molten scales.
                  | (AC +3) [demonic ancestry]
  7294 | D:8      | Reached XP level 10. HP: 76/76 MP: 10/10
  7496 | D:8      | Reached ** piety under Kikubaaqudgha
  7619 | D:8      | Found Egheig's Antique Weapon Shop.
  7636 | D:8      | Reached skill level 1 in Polearms
  8465 | D:9      | Noticed a two-headed ogre
  8474 | D:9      | Killed a two-headed ogre
  8483 | D:9      | Reached *** piety under Kikubaaqudgha
  8483 | D:9      | Received a gift from Kikubaaqudgha
  8751 | D:10     | Entered Level 10 of the Dungeon
  8813 | D:10     | Found a staircase to the Lair.
  9015 | D:10     | Reached skill level 5 in Polearms
  9038 | D:10     | Noticed a two-headed ogre
  9073 | D:10     | Slain by a two-headed ogre

Illustrated notes

Levels and vault maps discovered:
D:1:      dpeg_arrival_another_circle, layout_loops_ring,
          shapermc_ecumenical_altar_rom_forum, serial_shops,
          nicolae_shop_hallway_stairs, nicolae_figureground_sparkle
D:2:      layout_loops_ring, serial_glass, glass_columns_a, glass_columns_a,
          item_on_display_a, feat_on_display, item_on_display_a, minmay_vboxes
D:3:      layout_basic, nrook_mini_vaults, uniq_ijyb, uniq_jessica
D:4:      layout_basic, mainiacjoe_overflow_alcove_3, gup_ossuary_entry_pyramid,
          minmay_misc_feat_diagonals, minmay_checkerbox
D:5:      nicolae_BIG_FREAKIN_CUBE, layout_loops_corners, uniq_pikel
D:6:      layout_loops_ring
D:7:      layout_gridville, jmf_multi_god_temple2, minmay_temple_entry_hall,
          st_stairs_11, grunt_decor_arrowhead
D:8:      layout_rooms, serial_shops, nicolae_stop_n_shop_2, special_room
          [special_room_orc], uniq_maggie
D:9:      layout_basic
D:10:     layout_gridville, david_lair_generic
Temple:   nicolae_temple_elliptical

Skill      XL: |  1  2  3  4  5  6  7  8  9 10 |
---------------+-------------------------------+-----
Maces & Flails | 3 4 5 6 7 9 |  9.7
Dodging        | 3 4 5 6 |  6.4
Armour         | 1 2 3 4 5 6 |  6.4
Fighting       | 3 4 5 6 |  6.9
Stealth        | 1 2 3 |  3.6
Polearms       | 5 |  5.0
Throwing       | |  1.8

Action                   |  1- 3 |  4- 6 |  7- 9 | 10-12 || total
-------------------------+-------+-------+-------+-------++-------
Melee: Flail             |   132 |   155 |   217 |    12 ||   516
       Punch             |     2 |     2 |     3 |     1 ||     8
       Kick              |       |    35 |    59 |       ||    94
       Glaive            |       |       |       |   273 ||   273
  Use: Scroll            |       |     6 |     4 |     1 ||    11
       Potion            |       |       |       |     3 ||     3
 Stab: Sleeping          |     1 |     1 |     2 |     2 ||     6
       Distracted        |       |       |     1 |     1 ||     2
Armor: Leather armour    |    49 |    70 |    12 |       ||   131
       Scale mail        |       |       |    66 |   173 ||   239
Dodge: Dodged            |    96 |   135 |   182 |   415 ||   828
       Repelled          |       |       |     1 |     1 ||     2

Table legend: (Time is in decaauts)
 A = Elapsed time spent in this place.
 B = Non-inter-level travel time spent in this place.
 C = Inter-level travel time spent in this place.
 D = Time resting spent in this place.
 E = Time spent auto-exploring this place.
 F = Levels seen in this place.
 G = Mean time per level.
                   A        B        C        D        E       F      G
               +--------+--------+--------+--------+--------+-----+--------+
         Total |   9303 |   9303 |      0 |      0 |   6348 |  11 |  845.7 |
       Dungeon |   9027 |   9027 |      0 |      0 |   6348 |  10 |  902.7 |
        Temple |    276 |    276 |      0 |      0 |      0 |   1 |  276.0 |
               +--------+--------+--------+--------+--------+-----+--------+

Top non-repeatable levels by time:
     D:1: 1351 daAuts
     D:2: 1224 daAuts
     D:3: 1182 daAuts
     D:5: 1153 daAuts
     D:9: 983 daAuts
     D:7: 837 daAuts
     D:4: 671 daAuts
     D:8: 637 daAuts
     D:6: 627 daAuts
    D:10: 358 daAuts
  Temple: 276 daAuts
